Cogmind - Beta 13 @@@ ROGUE MODE // 2024.04.13 @ 12:25:39 Player: graour Result: Destroyed by Y-45 Defender with Heavy Assault Rifle Performance ------------- Evolutions (2) 1000 Regions Visited (3) 600 Robots Destroyed (37) 185 Value Destroyed (1158) 1158 Prototype IDs (0) 0 Alien Tech Used (0) 0 Bonus (26) 26 TOTAL SCORE: 2969 Bonus ------- High Alert Combat Kills 26 Cogmind --------- Core Integrity 0/550 Matter 128/300 Energy 160/160 System Corruption 0% Temperature Warning (314) Movement Walking (100) Location -8/Materials Parts ------- > --- POWER (1) -------- Light Nuclear Core > --- PROPULSION (3) --- Carbon-fiber Leg VSS Leg VSS Leg > --- UTILITY (3) ------ Improved Heat Sink Small Storage Unit Signal Interpreter > --- WEAPON (4) ------- Particle Gun Particle Gun High-powered Shotgun Gauss Rifle > --- INVENTORY (8) ---- Ion Engine Faulty Cooled Ion Engine Light Nuclear Core Wheel Improved Heat Sink Long-range Tractor Beam Heavy Particle Cannon Rocket Launcher Peak State ------------ > --- POWER ------------ Light Nuclear Core > --- PROPULSION ------- Carbon-fiber Leg VSS Leg VSS Leg > --- UTILITY ---------- Improved Heat Sink Small Storage Unit Signal Interpreter > --- WEAPON ----------- Particle Gun Particle Gun High-powered Shotgun Gauss Rifle > --- INVENTORY -------- Ion Engine Ion Engine Cooled Ion Engine Wheel Improved Heat Sink Tractor Beam Long-range Tractor Beam Heavy Particle Cannon [Rating: 29] Favorites ----------- Power Improved Ion Engine Engine Improved Ion Engine Power Core Light Nuclear Core Propulsion Wheel Leg VSS Leg Wheel Wheel Utility Small Storage Unit Device Improved Heat Sink Storage Small Storage Unit Processor Signal Interpreter Weapon Heavy Assault Cannon Energy Gun Particle Gun Ballistic Gun Assault Rifle Ballistic Cannon Heavy Assault Cannon Launcher Rocket Launcher Build | -11 -10 -9 -8 ------- Run | Yrd Mat Mat Mat Slots Evolved 4 | . . 2 2 Power . | . . . . Propulsion 1 | . . 1 . Utility 1 | . . . 1 Weapon 2 | . . 1 1 Parts Attached 34 | 7 3 3 21 Power 4 | 1 . 1 2 Engine 2 | 1 . 1 . Core 2 | . . . 2 Reactor . | . . . . Propulsion 12 | 2 2 1 7 Treads . | . . . . Leg 4 | . . . 4 Wheel 8 | 2 2 1 3 Hover . | . . . . Flight . | . . . . Utility 4 | 1 1 . 2 Device 2 | . . . 2 Storage 1 | 1 . . . Processor 1 | . 1 . . Hackware . | . . . . Protection . | . . . . Artifact . | . . . . Weapon 14 | 3 . 1 10 Energy Gun 4 | 1 . . 3 Energy Cannon . | . . . . Ballistic Gun 6 | 2 . . 4 Ballistic Cannon 3 | . . 1 2 Launcher 1 | . . . 1 Special Weapon . | . . . . Impact Weapon . | . . . . Slashing Weapon . | . . . . Piercing Weapon . | . . . . Special Melee Weapon . | . . . . Unidentified Prototypes . | . . . . Parts Lost 14 | . . . 14 Power 1 | . . . 1 Propulsion 6 | . . . 6 Utility . | . . . . Weapon 7 | . . . 7 Highest Loss Streak 10 | . . . 10 To Critical Strikes . | . . . . Average Slot Usage (%) 79 | . 97 88 72 Engine 7 | . 14 11 4 Core 1 | . . . 2 Leg 4 | . . . 6 Wheel 19 | . 28 33 15 Device 3 | . . . 4 Storage 10 | . 14 11 9 Processor 9 | . 11 11 9 Energy Gun 2 | . . . 4 Ballistic Gun 11 | . 28 11 5 Ballistic Cannon 8 | . . 11 10 Naked Turns . | . . . . Heaviest Build 37 | 13 13 26 37 Greatest Support 39 | 26 26 30 39 Greatest Overweight (x) 4 | . . . 4 Average Overweight (x) . | . . . . Largest Inventory Capacity 8 | 8 8 8 8 Average Capacity 7 | 6 8 8 8 Most Carried 8 | 4 8 8 8 Average Carried 6 | 2 7 7 7 Final Capacity 8 | 8 8 8 8 Final Carried 8 | 4 8 8 8 Class Distribution -------------------- 48% | Gunner 30% | Mutant 20% | Scavenger-Gunner Dominant Class ---------------- Mutant | -10/Materials Gunner | -9/Materials Gunner | -8/Materials Resources | -11 -10 -9 -8 ----------- Run | Yrd Mat Mat Mat Matter Collected 1204 | 250 118 96 740 Remotely . | . . . . Salvage Created 1142 | . 159 122 861 Parts 71 | . 8 8 55 Haulers Intercepted 4 | . . 1 3 Recyclers Shooed 2 | . 1 . 1 Parts Field Recycled . | . . . . Retrieved Matter . | . . . . Parts Self-Destructed . | . . . . Prevented . | . . . . Kills | -11 -10 -9 -8 ------- Run | Yrd Mat Mat Mat Combat Hostiles Destroyed 27 | . 3 2 22 Guns 13 | . 3 . 10 Cannons 13 | . . 1 12 AOE 1 | . . 1 . Classes Destroyed 13 | . 3 2 8 Worker 1 | . . . 1 Builder 1 | . . . 1 Hauler 4 | . . 1 3 Recycler 1 | . 1 . . Mechanic 1 | . . . 1 Operator 1 | . . . 1 Watcher 1 | . 1 . . Swarmer 7 | . 3 . 4 Grunt 10 | . . . 10 Sentry 5 | . . 2 3 Specialist 2 | . . . 2 Hunter 2 | . . . 2 Heavy 1 | . . . 1 Best Kill Streak 5 | . 4 2 5 Combat Bots Only 5 | . 2 2 5 Max Kills in Single Turn 2 | . 1 1 2 Gunslinging 1 | . . . 1 Exploded 1 | . . 1 . Melee . | . . . . Uniques/NPCs Destroyed . | . . . . Combat | -11 -10 -9 -8 -------- Run | Yrd Mat Mat Mat Hostile Shots Fired 201 | . 9 4 188 Missed 67 | . 2 2 63 Damage Taken 2272 | . 52 136 2084 Core 617 | . 25 30 562 Absorbed by Shields . | . . . . Core Remaining (%) 94 | 100 90 92 . Volleys Fired 108 | . 17 6 85 Largest 4 | . 2 2 4 Hottest 183 | . 40 80 183 Shots Fired 210 | . 34 12 164 Gun 125 | . 34 6 85 Cannon 83 | . . 6 77 Launcher 2 | . . . 2 Special . | . . . . Kinetic 176 | . 34 12 130 Thermal 32 | . . . 32 Explosive 2 | . . . 2 Electromagnetic . | . . . . Robot Hit Streak 13 | . 6 4 13 Robot Miss Streak 6 | . 6 1 4 Penetration Max 1 | . . . 1 Secondary Targets 1 | . . . 1 Max Gunslinging Chain 1 | . . . 1 Shots Hit Robots 126 | . 16 9 101 Core Hits 51 | . 8 4 39 Critical Kills 1 | . 1 . . Critical Parts Destroyed . | . . . . Critical Strikes 7 | . 1 1 5 Burn 1 | . . . 1 Destroy 1 | . 1 . . Blast 5 | . . 1 4 Melee Attacks . | . . . . Impact . | . . . . Slashing . | . . . . Piercing . | . . . . Sneak Attacks . | . . . . Combat Hostiles . | . . . . Follow-up Attacks . | . . . . Damage Inflicted 3471 | . 171 315 2985 Guns 970 | . 171 65 734 Cannons 2368 | . . 193 2175 Explosions 133 | . . 57 76 Melee . | . . . . Ramming . | . . . . Kinetic 3153 | . 171 258 2724 Thermal 242 | . . 57 185 Explosive 76 | . . . 76 Electromagnetic . | . . . . Impact . | . . . . Slashing . | . . . . Piercing . | . . . . Highest Corruption . | . . . . Average Corruption . | . . . . Corruption Purged . | . . . . Corruption Blocked . | . . . . Overload Shots . | . . . . Overflow Damage 126 | . . . 126 Projectiles 126 | . . . 126 Explosions . | . . . . Melee . | . . . . Knockbacks 18 | . . . 18 Impact . | . . . . Kinetic 14 | . . . 14 Secondary 4 | . . . 4 Self-Inflicted Damage 51 | . . 51 . Shots 1 | . . 1 . Rammed . | . . . . Targets Rammed 1 | . . . 1 Kicked 1 | . . . 1 Crushed . | . . . . Highest Temperature 313 | . . 45 313 Average Temperature 101 | . . 15 112 Received Heat Transfer 549 | . . 9 540 Effects 2 | . . . 2 Shutdowns 1 | . . . 1 Matter Decay 1 | . . . 1 Siege Activations . | . . . . Robots Corrupted . | . . . . Combat Hostiles . | . . . . Parts Fried . | . . . . Impact Corruptions . | . . . . Robots Melted . | . . . . Combat Hostiles . | . . . . Parts Melted 1 | . . . 1 Heat Transferred 568 | . . 50 518 Parts Sabotaged . | . . . . Parts Stolen . | . . . . Parts Stripped . | . . . . Power Chain Reactions . | . . . . Alert | -11 -10 -9 -8 ------- Run | Yrd Mat Mat Mat Peak Influence 503 | . 203 227 503 Initial 95 | . . 85 95 Average 194 | . 105 143 241 Maximum Alert Level 2 | . 1 1 2 Low Security (%) 42 | 100 98 74 17 Level 1 53 | . 1 25 76 Level 2 4 | . . . 6 Level 3 . | . . . . Level 4 . | . . . . Level 5 . | . . . . High Security . | . . . . Max Security . | . . . . Squads Dispatched 4 | . 1 . 3 Investigation 1 | . 1 . . Extermination . | . . . . Reinforcement 3 | . . . 3 Assault . | . . . . Garrison . | . . . . Intercept . | . . . . Searches Triggered . | . . . . Construction Impeded 1 | . . . 1 Haulers Reinforced . | . . . . Active Scanning Responses . | . . . . Cargo Convoy Interrupts . | . . . . Stealth | -11 -10 -9 -8 --------- Run | Yrd Mat Mat Mat Distress Signals 3 | . 2 . 1 Communications Jammed . | . . . . Distress Signals . | . . . . Times Spotted 43 | . 12 3 28 Peak Tracking Total 5 | . 5 2 5 Tactical Retreats 3 | . 2 . 1 Traps | -11 -10 -9 -8 ------- Run | Yrd Mat Mat Mat Traps Triggered 2 | . . 2 . Indirectly . | . . . . Trap Hack Attempts . | . . . . Triggered . | . . . . Disarmed . | . . . . Reprogrammed . | . . . . Reused . | . . . . Traps Extracted . | . . . . Installed . | . . . . Triggered . | . . . . Machines | -11 -10 -9 -8 ---------- Run | Yrd Mat Mat Mat Machines Disabled 4 | . . 2 2 Max in Single Turn 1 | . . 1 1 Machines Repaired . | . . . . Machines Dismantled . | . . . . Machines Sabotaged . | . . . . Overloaded Fab Kills . | . . . . Hacking | -11 -10 -9 -8 --------- Run | Yrd Mat Mat Mat Machines Accessed 5 | . 2 1 2 Terminals 5 | . 2 1 2 Fabricators . | . . . . Repair Stations . | . . . . Recycling Units . | . . . . Scanalyzers . | . . . . Garrison Access . | . . . . Total Hacks 11 | . 5 1 5 Successful 4 | . 1 1 2 Failed 7 | . 4 . 3 Catastrophic 4 | . 2 . 2 Database Lockouts . | . . . . Manual 10 | . 5 1 4 Terminals 11 | . 5 1 5 Fabricators . | . . . . Repair Stations . | . . . . Recycling Units . | . . . . Scanalyzers . | . . . . Garrison Access . | . . . . Terminal Hacks 4 | . 1 1 2 Unreport Threat 1 | . . . 1 Reinforcement Status 1 | . . . 1 Recall Investigation 1 | . 1 . . Hauler Manifests 1 | . . 1 . Fabricator Hacks . | . . . . Repair Station Hacks . | . . . . Recycling Unit Hacks . | . . . . Scanalyzer . | . . . . Garrison Access Hacks . | . . . . Unauthorized Hacks . | . . . . Terminals . | . . . . Fabricators . | . . . . Repair Stations . | . . . . Recycling Units . | . . . . Scanalyzers . | . . . . Garrison Access . | . . . . Data Cores Recovered 1 | . . . 1 Used 1 | . . . 1 Hacking Detections 3 | . 2 . 1 Full Trace Events 1 | . 1 . . Feedback Events . | . . . . Feedback Blocked . | . . . . Robot Schematics Acquired . | . . . . Robots Built . | . . . . Authchips . | . . . . Time . | . . . . Total Robot Build Rating . | . . . . Part Schematics Acquired . | . . . . Parts Built . | . . . . Authchips . | . . . . Time . | . . . . Total Part Build Rating . | . . . . Parts Repaired . | . . . . Time . | . . . . Parts Recycled . | . . . . Recycled Matter . | . . . . Retrieved Matter . | . . . . Retrieved Components . | . . . . Parts Scanalyzed . | . . . . Part Schematics Acquired . | . . . . Parts Damaged . | . . . . Bothacking | -11 -10 -9 -8 ------------ Run | Yrd Mat Mat Mat Used RIF Installer . | . . . . Robots Hacked . | . . . . Non-combat . | . . . . Combat . | . . . . Robot Hacks Applied . | . . . . Relay Couplers Released . | . . . . Fabnet Peak Effective % . | . . . . Robots Rewired . | . . . . Allies Hacked . | . . . . Hacks Repelled . | . . . . Allies | -11 -10 -9 -8 -------- Run | Yrd Mat Mat Mat Total Allies . | . . . . Largest Group . | . . . . Highest-Rated Group . | . . . . Highest-Rated Ally . | . . . . Total Orders . | . . . . Ally Attacks . | . . . . Total Damage . | . . . . Kills . | . . . . Allies Corrupted . | . . . . Allies Melted . | . . . . Intel | -11 -10 -9 -8 ------- Run | Yrd Mat Mat Mat Robot Analysis Total . | . . . . Derelict Logs Recovered . | . . . . Drone Launches . | . . . . Drone Recoveries . | . . . . Exploration | -11 -10 -9 -8 ------------- Run | Yrd Mat Mat Mat Turns Passed 1392 | 55 284 133 920 Spaces Moved 743 | 46 247 102 348 Core 34 | 4 . . 30 Treads . | . . . . Legs 134 | . . . 134 Wheels 575 | 42 247 102 184 Hover . | . . . . Flight . | . . . . Fastest Speed 50 | 50 80 80 80 Average Speed 93 | 85 83 80 104 Slowest Speed 250 | 90 90 80 250 Overloaded Moves . | . . . . Propulsion Burnouts . | . . . . Robots Hopped . | . . . . Cave-ins Triggered . | . . . . Exploration Rate (%) 19 | 3 34 15 26 Regions Visited 3 Branch Regions . Pre-discovered Areas . | . . . . Known Exits Taken 2 | . 1 1 . Unknown Exits Taken 1 | 1 . . . Scrap Searched . | . . . . Spaces Dug . | . . . . Terrain Destroyed 67 | . . 23 44 Melee . | . . . . Projectile 28 | . . 1 27 AOE 39 | . . 22 17 Terrain Rammed . | . . . . Walls Destroyed . | . . . . Machines Disabled . | . . . . Actions | -11 -10 -9 -8 --------- Run | Yrd Mat Mat Mat Total 1221 | 58 293 141 729 Wait 305 | 2 19 24 260 Move 740 | 45 246 101 348 Hop . | . . . . Pick Up 19 | 3 5 2 9 Fast Attach 20 | 7 1 1 11 Attach 8 | . . 1 7 Detach 2 | 1 . 1 . Swap 6 | . 2 1 3 Drop 12 | . 3 4 5 Fire 108 | . 17 6 85 Melee . | . . . . Ram . | . . . . Kick 1 | . . . 1 Crush . | . . . . Escape Stasis . | . . . . Rewire . | . . . . Trap . | . . . . Miscellaneous . | . . . . Route ------- -11/Scrapyard -10/Materials -9/Materials -8/Materials History --------- Turn | Location | Event 28 | -11/Scrapyard | Discovered new exit (range 15) 56 | -11/Scrapyard | Entered Materials 239 | -10/Materials | Discovered new exit (range 8) 247 | -10/Materials | Identified exit to Materials 302 | -10/Materials | Build established: Mutant 340 | -10/Materials | Entered another Materials area 340 | -9/Materials | Evolved 2 slots: Propulsion x1, Weapon x1 466 | -9/Materials | Discovered new exit (range 9) 473 | -9/Materials | Identified exit to Materials 473 | -9/Materials | Entered another Materials area 473 | -8/Materials | Evolved 2 slots: Utility x1, Weapon x1 650 | -8/Materials | Build established: Gunner 1011 | -8/Materials | Core integrity fell below 50% 1066 | -8/Materials | Lost 10 parts (1p4n5w) 1085 | -8/Materials | Core integrity fell below 20% 1393 | -8/Materials | Destroyed by Y-45 Defender with Heavy Assault Rifle Last Messages --------------- 01264_ Penetrated by Slug. 01265_ Y-45 Defender destroyed. 01265_ Slug penetrates H-55 Commando. 01269_ H-55 Commando destroyed. 01269_ Slug penetrates Scanalyzer. 01273_ Acquired 56 matter. 01275_ Acquired 36 matter. 01277_ Dropped Aluminum Leg. 01280_ Dropped Lgt. Nuclear Core. 01283_ Dropped Ion Engine. 01284_ Acquired Lgt. Nuclear Core. 01305_ A-02 Transporter destroyed. 01305_ Slug penetrates Wall. 01308_ Dropped Tractor Beam. 01310_ Acquired Rocket Launcher. 01342_ Connecting with Terminal... >>Alert(Purge) Purged threat record, alert level lowered. 01346_ Kicked K-01 Serf out of the way. 01376_ Slug penetrates Wall. Map ----- +----------------------------------------------------+ | | | | | | | | | | | | | | | | | | | | | ????????????????????######??????????????????????? | | ?????????????????? #?????????????????????? | | ?????????????????#""" #?????????????????????? | | ?????????????????#""" #?????????????????????? | | ?????????????????#""" #?????????????????????? | | ????????########?# #?????????????????????? | | ????????# #?#""" #?????????????????????? | | ????????# #?#""" #?????????????????????? | | ????????# #?#""" #?????????????????????? | | ????????# #?# #?????????????????????? | | ????????# #?#####+####?????????????????????? | | ?????????? ????# ##########+###?????????? | | ?????????###+####### Y ??????? | | ?????????# ??????? | | ?????????# ######+## ??????? | | ?????????# ##! # @########+##### ???????? | | ?????????# ## # ###??????????????????????? | | ?????????# ## "" !# #????????????????????????? | | ?????????# ## "T # #????????????????????????? | | ?????????# ## "" # #????????????????????????? | | ?????????# ## !# #????????????????????????? | | ?????????# ######### #????????????????????????? | | ?????????# #???????# #????????????????????????? | | ?????????# #??###### #????????????????????????? | | ?????????# #??# #????????????????????????? | | ?????????# #??# #????????????????????????? | | ?????????# #??# #????????????????????????? | | ?????????# #??# ###"#####?????????????????????? | | ?????????# #?## ## = * #?????????????????????? | | ?????????# #?# #*="" #?????????????????????? | | ?????????# ###! # [S #?????????????????????? | | ?????????# ]]]! !=[" #?????????????????????? | | ?????????#####% = #[ !#?????????????????????? | | ?????????????#]!=[ # #?????????????????????? | | ?????????????### ######################?????????? | | ???????????????#=* ##????????? | | ???????????????#[* % ?????????? | | ??????????????## ### % ??????????? | | ?????????????### ### % ???????????? | | ?????????????# # # # ???????????? | +----------------------------------------------------+ Best States ------------- Heat Dissipation 45 Energy Generation 14 Energy Capacity 265 Matter Stores 300 Matter Capacity 300 Sight Range 16 Terrain Scan Density 10 Evasion (%) 55 Item Schematics ----------------- None Robot Schematics ------------------ None Fabricated ------------ Nothing Alien Tech Used ----------------- None Achievements -------------- None Challenges ------------ None Game ------ Seed HugeSpreadShield Manual? 0 Play Time 00:14:52 Cumulative 27.8 hours Start 2024.04.13 @ 12:11:28 End 2024.04.13 @ 12:25:39 Sessions 1 Manual Loads 0 Difficulty Rogue Special Mode None Game No. 49 Rogue 49 Adventurer 0 Explorer 0 Win Type - Total 0 Types 0/0/0/0/0/0/0/0/0 Lore% 30 Gallery% 36 Achievement% 25 Wizard Run 0 Options --------- Layout 1 ASCII 0 Keyboard 1 Movement Arrows Keybinds 0 Fullscreen 1 Font 24/Smallcaps Map View 50x35 Zoom Use 0% Tactical HUD 1 Map Filters NONE Filters NONE Steam 1 RUN: d05d2141-9c5f-4d43-b161-409ec1eb3bd1